 Dungeon Crawl Stone Soup version 0.25.0-11-g1f837a7 (webtiles) character file.

Game seed: 15199946866632616976

13169 Balder the Cleaver (level 11, 0/99 HPs)
             Began as a Minotaur Berserker on June 24, 2020.
             Was an Elder of Trog.
             Slain by a four-headed hydra (5 damage)
             ... on level 1 of the Lair of Beasts.
             The game lasted 00:52:48 (11454 turns).

Balder the Cleaver (Minotaur Berserker)            Turns: 11454, Time: 00:52:50

Health: 0/99       AC: 21    Str: 22    XL:     11   Next: 72%
Magic:  0/13       EV: 10    Int:  4    God:    Trog [****..]
Gold:   601        SH:  0    Dex: 13    Spells: 10/10 levels left

rFire    . . .     SeeInvis +   H - +3 scimitar (flame)
rCold    . . .     Gourm    .   (no shield)
rNeg     + . .     Faith    .   F - +0 plate armour
rPois    .         Spirit   +   (helmet restricted)
rElec    .         Reflect  .   p - +2 cloak {Stlth+}
rCorr    .         Harm     .   A - +1 pair of gloves
MR       .....                  d - +0 pair of boots
Stlth    ..........             v - amulet of guardian spirit
HPRegen  0.26/turn              C - ring of see invisible
MPRegen  0.13/turn              t - ring of positive energy

@: about to teleport, berserk cooldown, slowed, very slow
A: retaliatory headbutt, horns 2
a: Berserk, Trog's Hand, Brothers in Arms, Renounce Religion


You were on level 1 of the Lair of Beasts.
You worshipped Trog.
Trog was greatly pleased with you.
You were very hungry.

You visited 2 branches of the dungeon, and saw 13 of its levels.
You visited the Abyss 1 time.

You collected 601 gold pieces.

Inventory:

Hand Weapons
 a - a +0 hand axe
 b - a +0 war axe
 o - a +2 dagger of venom
 H - a +3 scimitar of flaming (weapon)
Missiles
 E - 25 poisoned darts (quivered)
Armour
 d - a +0 pair of boots (worn)
 p - a +2 cloak of stealth (worn)
 A - a +1 pair of gloves (worn)
 F - a +0 plate armour (worn)
Jewellery
 t - a ring of positive energy (right hand)
 v - an amulet of guardian spirit (around neck)
 C - a ring of see invisible (left hand)
Wands
 k - a wand of enslavement (11)
 r - a wand of paralysis (20)
 z - a wand of digging (3)
 D - a wand of polymorph (9)
Scrolls
 e - 2 scrolls of enchant weapon {unknown}
 f - 2 scrolls of enchant armour {unknown}
 h - a scroll of identify
 l - 2 scrolls of remove curse {unknown}
 m - 2 scrolls of noise {unknown}
 s - 2 scrolls of fear {unknown}
 w - a scroll of teleportation
 x - a scroll of fog {unknown}
 y - 2 scrolls of magic mapping
Potions
 g - 3 potions of flight {unknown}
 i - a potion of haste {unknown}
 j - a potion of invisibility {unknown}
 n - 4 potions of curing
 q - a potion of ambrosia {unknown}
 u - a potion of might {unknown}
 B - a potion of degeneration {unknown}
 G - a potion of berserk rage
Comestibles
 c - 10 rations
 I - a chunk of flesh


   Skills:
 * Level 10.0 Fighting
 + Level 0.5 Long Blades
 * Level 13.9 Axes
 * Level 5.2 Throwing
 * Level 9.9 Armour
 * Level 7.0 Dodging
 * Level 5.0 Evocations


You had 10 spell levels left.
You didn't know any spells.
Your spell library contained the following spells:

 Spells                   Type           Power        Failure   Level  Hunger
 Animate Skeleton         Necr           N/A          100%        1    ##.....
 Apportation              Tloc           #.....       100%        1    ##.....
 Corona                   Hex            #......      100%        1    ##.....
 Magic Dart               Conj           #...         100%        1    ##.....
 Summon Small Mammal      Summ           #...         100%        1    ##.....
 Blink                    Tloc           N/A          100%        2    ###....
 Call Imp                 Summ           #.......     100%        2    ###....
 Slow                     Hex            #.......     100%        2    ###....
 Conjure Flame            Conj/Fire      #.......     100%        3    ####...
 Mephitic Cloud           Conj/Pois/Air  #.......     100%        3    ####...


Dungeon Overview and Level Annotations

Branches:
Dungeon (12/15)            Temple (0/1) D:7            Lair (1/6) D:11
    Orc (0/2) D:9

Altars:
Elyvilon
Hepliaklqana
Nemelex Xobeh
Qazlal
Ru
Sif Muna
The Shining One

Shops:
D:10 :

Annotations:
D:8 2 transporters, Magic41's ghost, novice TrFi


Innate Abilities, Weirdness & Mutations

You reflexively headbutt those who attack you in melee.
You have a pair of horns on your head.


Message History

The four-headed hydra is severely wounded.
The four-headed hydra bites you!
* * * LOW HITPOINT WARNING * * *
The four-headed hydra closely misses you.
The four-headed hydra bites you.
* * * LOW HITPOINT WARNING * * *
The four-headed hydra bites you but does no damage.
You are too berserk!
You feel a strong urge to attack something.
You feel your anger nearly subside.
You are no longer berserk.
You are exhausted.
You feel yourself slow down.
As you read the scroll of teleportation, it crumbles to dust.
You feel strangely unstable.
The four-headed hydra bites you but does no damage.
The four-headed hydra barely misses you.
The four-headed hydra bites you but does no damage. x2
The four-headed hydra bites you!
You die...

#... ... ..# ..# #.#
#.# ## #.# ..... .
#@# .... #.#D# ...
... #.#.# ..# ..#
#...# ..# #.#
##..#.#### ..#
#.#####..##.#..# ..#
#........#..#.## ..#
#........#.....#
..####....##.##....##


You could see a four-headed hydra.

Vanquished Creatures
  A hydra (D:11)
  A two-headed ogre (D:9)
  Erica (D:9)
  2 unseen horrors
  A skeletal warrior (D:11)
  2 ugly things (D:11)
  A black mamba (Lair:1)
  2 spiny frogs (Lair:1)
  2 komodo dragons (Lair:1)
  2 trolls
  2 hippogriffs
  A wraith (D:11)
  A basilisk (D:11)
  3 hungry ghosts
  A two-headed ogre zombie (D:9)
  2 water moccasins
  Duvessa (D:5)
  5 porcupines (Lair:1)
  2 orc warriors
  2 hornet zombies (D:11)
  2 ice beasts
  5 sky beasts
  2 black bears
  6 ogres
  3 phantoms
  5 centaurs
  2 crocodiles
  6 bullfrogs
  Blork the orc (D:4)
  Dowan (D:5)
  3 scorpions
  3 troll zombies (D:9)
  5 wights (D:8)
  8 crimson imps
  5 bullfrog zombies
  A quasit (D:11)
  6 hounds
  A jelly (D:6)
  Crazy Yiuf (D:2)
  4 orc priests
  2 bullfrog skeletons
  2 iguanas
  4 worker ants
  2 orc wizards
  Ijyb (D:3)
  4 ogre zombies (D:9)
  2 hound zombies (D:11)
  4 gnolls (D:4)
  A howler monkey skeleton (D:5)
  15 adders
  A shadow imp (D:11)
  An adder zombie (D:3)
  2 worms (D:3)
  An adder skeleton (D:8)
  2 dart slugs (D:2)
  5 leopard geckos
  19 orcs
  2 ball pythons
  12 bats
  7 giant cockroaches
  9 goblins
  13 hobgoblins
  10 jackals
  9 kobolds
  7 quokkas
  6 frilled lizards
  2 goblin skeletons (D:9)
  2 hobgoblin skeletons (D:9)
  2 hobgoblin zombies (D:9)
  3 orc skeletons (D:9)
  16 orc zombies (D:9)
  A quokka skeleton (D:9)
  5 rats
  A plant (Lair:1)
280 creatures vanquished.

Notes
Turn   | Place    | Note
-------+----------+-------------------------------------------
     0 | D:1      | Balder the Minotaur Berserker began the quest for the Orb.
     0 | D:1      | Reached XP level 1. HP: 19/19 MP: 0/0
   118 | D:1      | Reached XP level 2. HP: 25/27 MP: 1/1
   318 | D:1      | Reached skill level 4 in Axes
  1042 | D:2      | Reached XP level 3. HP: 33/33 MP: 2/2
  1049 | D:2      | Reached ** piety under Trog
  1288 | D:2      | Found a runed translucent door.
  1289 | D:2      | Noticed Crazy Yiuf
  1296 | D:2      | Killed Crazy Yiuf
  1296 | D:2      | Reached XP level 4. HP: 12/41 MP: 3/3
  1565 | D:2      | Reached skill level 5 in Axes
  1576 | D:2      | Found a hazy altar of Hepliaklqana.
  1651 | D:2      | Reached skill level 5 in Fighting
  1855 | D:2      | Reached XP level 5. HP: 48/48 MP: 4/4
  2350 | D:3      | Reached *** piety under Trog
  2474 | D:3      | Noticed Ijyb
  2477 | D:3      | Paralysed by Ijyb for 6 turns
  2486 | D:3      | Paralysed by Ijyb for 5 turns
  2501 | D:3      | Killed Ijyb
  2711 | D:3      | Reached XP level 6. HP: 56/56 MP: 5/5
  3158 | D:4      | Reached skill level 6 in Axes
  3276 | D:4      | Reached skill level 1 in Evocations
  3387 | D:4      | Noticed Blork the orc
  3395 | D:4      | Killed Blork the orc
  3395 | D:4      | Reached skill level 1 in Throwing
  3395 | D:4      | Reached XP level 7. HP: 62/62 MP: 6/6
  3417 | D:4      | Found a white marble altar of Elyvilon.
  3457 | D:4      | Found a stormy altar of Qazlal.
  3459 | D:4      | Noticed a fire elemental
  3460 | D:4      | Noticed a water elemental
  3460 | D:4      | Noticed an air elemental
  3504 | D:4      | Reached skill level 7 in Axes
  4365 | D:5      | Entered Level 5 of the Dungeon
  4549 | D:5      | Noticed Duvessa
  4549 | D:5      | Noticed Dowan
  4560 | D:5      | Killed Duvessa
  4560 | D:5      | Reached skill level 8 in Axes
  4560 | D:5      | Reached XP level 8. HP: 70/70 MP: 8/8
  4562 | D:5      | Killed Dowan
  4845 | D:6      | Reached skill level 5 in Armour
  5105 | D:6      | Reached skill level 9 in Axes
  5147 | D:6      | Reached **** piety under Trog
  5250 | D:6      | Found a glowing golden altar of the Shining One.
  5471 | D:6      | Reached XP level 9. HP: 79/79 MP: 9/9
  5792 | D:7      | Reached skill level 10 in Axes
  5861 | D:7      | Found a staircase to the Ecumenical Temple.
  6075 | D:7      | Found a sacrificial altar of Ru.
  6371 | D:7      | Found a shimmering blue altar of Sif Muna.
  6485 | D:7      | Reached skill level 5 in Dodging
  6993 | D:8      | Noticed a troll
  7001 | D:8      | Killed a troll
  7167 | D:8      | Noticed Magic41's ghost (novice TrFi)
  7168 | D:8      | Found a transporter.
  7170 | D:8      | Noticed a moth of wrath
  7192 | D:8      | Found a transporter.
  7249 | D:8      | Cast into level 1 of the Abyss (orc)
  7295 | D:8      | Escaped the Abyss
  7460 | D:8      | Reached skill level 11 in Axes
  7600 | D:8      | Reached XP level 10. HP: 83/88 MP: 9/11
  8080 | D:9      | Noticed a two-headed ogre
  8095 | D:9      | Killed a two-headed ogre
  8337 | D:9      | Found a staircase to the Orcish Mines.
  8356 | D:9      | Reached skill level 12 in Axes
  8562 | D:9      | Noticed Erica
  8574 | D:9      | Killed Erica
  8698 | D:9      | Found a sparkling altar of Nemelex Xobeh.
  8872 | D:10     | Entered Level 10 of the Dungeon
  9006 | D:10     | Noticed an unseen horror
  9011 | D:10     | Killed an unseen horror
  9020 | D:10     | Found Zocez's Book Shoppe.
  9022 | D:10     | You fall into a shaft and drop 2 floors!
  9106 | D:12     | Noticed a two-headed ogre
  9406 | D:11     | Reached XP level 11. HP: 89/97 MP: 10/13
  9491 | D:11     | Reached skill level 13 in Axes
  9632 | D:11     | Noticed an unseen horror
  9640 | D:11     | Killed an unseen horror
 10290 | D:11     | Noticed a brown ugly thing
 10293 | D:11     | Noticed a red ugly thing
 10311 | D:11     | Killed a brown ugly thing
 10321 | D:11     | Killed a red ugly thing
 10443 | D:11     | Noticed a skeletal warrior
 10466 | D:11     | Killed a skeletal warrior
 10596 | D:11     | Found a staircase to the Lair.
 10596 | D:11     | Noticed a seven-headed hydra
 10597 | D:11     | Reached skill level 5 in Throwing
 10606 | D:11     | Killed a five-headed hydra
 10776 | Lair:1   | Entered Level 1 of the Lair of Beasts
 11339 | Lair:1   | Reached skill level 10 in Fighting
 11350 | Lair:1   | Reached skill level 5 in Evocations
 11433 | Lair:1   | Noticed an eight-headed hydra
 11445 | Lair:1   | HP: 6/148 [four-headed hydra (9)]
 11454 | Lair:1   | Slain by a four-headed hydra

Illustrated notes

Levels and vault maps discovered:
D:1:      dpeg_arrival_water_temple_mockup, layout_loops_corners,
          minmay_indecisive_spiral
D:2:      layout_basic, old_standard_altar, grunt_ministairs_4, st_stairs_1,
          uniq_crazy_yiuf_cottage
D:3:      minmay_chambers_of_threes, layout_rooms, uniq_ijyb
D:4:      minmay_angry_zag, layout_basic, nicolae_qazlal_style_of_elements,
          overflow_temple_1_default, first_ration, uniq_blork_the_orc
D:5:      layout_rooms, uniq_duvessa
D:6:      layout_rooms, lemuel_altar_in_water
D:7:      layout_loops_ring, lemuel_doored_altar, marbit_many_paths,
          minmay_temple_entry_stoned_glass
D:8:      layout_loops_ring, gammafunk_ghost_berserking_beasts
D:9:      layout_long_grid, nemelex_xobeh_ov_fountains_minmay,
          zombieorc2_lemuel, uniq_erica
D:10:     layout_small_grid, serial_shops, shop, hangedman_ranch
          [blue_anna_fruit_fields]
D:11:     minmay_blocky_corners, layout_basic, lair_entry_dummy
D:12:     layout_loops_ring, special_room [special_room_bee],
          chequers_serial_rivers_micro_d
Lair:1:   layout_chaotic_city, cheibrodos_lair_caveside_slide,
          beast_lair_carwin_8

Skill      XL: |  1  2  3  4  5  6  7  8  9 10 11 |
---------------+----------------------------------+-----
Fighting       | 4 5 6 7 8 9 10 | 10.0
Axes           | 4 5 6 8 9 11 12 13 | 13.9
Dodging        | 3 4 5 6 7 |  7.0
Armour         | 3 4 5 7 8 9 |  9.9
Evocations     | 1 2 3 4 5 |  5.0
Throwing       | 1 2 3 4 5 |  5.2
Long Blades    | |  0.5

Action                   |  1- 3 |  4- 6 |  7- 9 | 10-12 || total
-------------------------+-------+-------+-------+-------++-------
Melee: Hand axe          |    65 |       |       |       ||    65
       Headbutt          |    13 |    26 |    52 |    96 ||   187
       War axe           |     9 |   156 |   313 |   349 ||   827
       Scimitar          |       |       |       |     9 ||     9
Throw: Dart              |       |       |       |    15 ||    15
Invok: Berserk           |     1 |     3 |     2 |     9 ||    15
       Trog's Hand       |       |     1 |     6 |     6 ||    13
Evoke: Wand              |       |       |     1 |     1 ||     2
  Use: Potion            |       |     1 |       |       ||     1
       Scroll            |       |     2 |     3 |     5 ||    10
 Stab: Sleeping          |     1 |       |       |       ||     1
       Paralysed         |       |       |     3 |     2 ||     5
  Eat: Chunk             |     2 |     9 |    12 |    13 ||    36
       Ration            |       |       |     2 |     4 ||     6
Armor: Animal skin       |    11 |    28 |       |       ||    39
       Chain mail        |       |    62 |   142 |       ||   204
       Plate armour      |       |       |    35 |   224 ||   259
Dodge: Dodged            |    43 |    90 |   137 |   134 ||   404
       Rpst.: Scimitar   |       |       |       |     1 ||     1
